 Dungeon Crawl Stone Soup version 0.29-a0-294-g83ea962da3 (webtiles) character file.

Game seed: 3645160946137068909

294527 fritzmikael the Peltast (level 20, -5/162 HPs)
             Began as a Gnoll Fighter on Mar 17, 2022.
             Was the Champion of Okawaru.
             Slain by a +3 halberd of venom (18 damage)
             ... animated by Zenata
             ... on level 2 of the Vaults on Mar 18, 2022.
             The game lasted 03:06:32 (67268 turns).

fritzmikael the Peltast (Gnoll Fighter)            Turns: 67268, Time: 03:06:36

Health: -5/162     AC: 12    Str: 25    XL:     20   Next: 85%
Magic:  3/38       EV: 14    Int: 25    God:    Okawaru [******]
Gold:   1427       SH: 23    Dex: 13    Spells: 13/47 levels left

rFire   + + .      SeeInvis .   z - +10 long sword "Wilerchu" {protect, Str+4}
rCold   + . .      Faith    .   b - +0 tower shield
rNeg    . . .      Spirit   .   c - +3 scale mail {rF+}
rPois   +          Reflect  +   J - +2 hat "Utataseg" {rPois Int+2}
rElec   .          Harm     .   O - +0 cloak
rCorr   .          Rampage  .   a - +2 pair of gloves
Will    +....                   w - +2 pair of boots {Stlth+}
Stlth   +++++.....              N - amulet of reflection
HPRegen 0.37/turn               f - ring "Ibruega" {rF+ rC+ Str+3 Int+4}
MPRegen 0.26/turn               T - +6 ring of intelligence

@: about to teleport, marked, corroded
A: fangs 1, strong nose, distributed training
}: 2/15 runes: barnacled, gossamer
a: Renounce Religion, Heroism, Finesse, Duel


You were on level 2 of the Vaults.
You worshipped Okawaru.
Okawaru was exalted by your worship.
You visited 7 branches of the dungeon, and saw 34 of its levels.
You also visited: Ice Cave.

You collected 3030 gold pieces.
You spent 1603 gold pieces at shops.

Inventory:

Hand Weapons
 e - a +1 war axe of freezing
 z - the +10 long sword "Wilerchu" (weapon) {protect, Str+4}
   (You found it on level 4 of the Lair of Beasts)

   It grants its wielder temporary protection when it strikes (+7 to AC).
   Str:       It affects your strength (+4).
 W - a +6 vampiric quick blade
Missiles
 l - 28 boomerangs
 v - 9 silver javelins (quivered)
 H - 11 poisoned darts
 Q - 31 javelins
 S - a throwing net
Armour
 a - a +2 pair of gloves (worn)
 b - a +0 tower shield (worn)
 c - a +3 scale mail of fire resistance (worn)
 w - a +2 pair of boots of stealth (worn)
 J - the +2 hat "Utataseg" (worn) {rPois Int+2}
   (You found it in an ice cave)

   Int:       It affects your intelligence (+2).
   rPois:     It protects you from poison.
 O - a +0 cloak (worn)
Jewellery
 f - the ring "Ibruega" (left hand) {rF+ rC+ Str+3 Int+4}
   (You bought it in a shop on level 2 of the Orcish Mines)

   [ring of protection from fire]

   Str:       It affects your strength (+3).
   Int:       It affects your intelligence (+4).
   rF:        It protects you from fire.
   rC:        It protects you from cold.
 p - a ring of wizardry
 y - a ring of resist corrosion
 B - a ring of protection from cold
 E - an amulet of regeneration
 M - the ring "Kotuuz" {rPois Will+ rCorr}
   (You found it on level 2 of the Lair of Beasts)

   [ring of resist corrosion]

   rPois:     It protects you from poison.
   rCorr:     It protects you from acid and corrosion.
   Will:      It increases your willpower.
 N - an amulet of reflection (around neck)
 T - a +6 ring of intelligence (right hand)
Wands
 m - a wand of paralysis (5)
 t - a wand of acid (14)
 D - a wand of digging (30)
 I - a wand of iceblast (15)
 V - a wand of flame (18)
Scrolls
 j - 2 scrolls of fog
 u - 4 scrolls of teleportation
 A - 11 scrolls of immolation
 C - 5 scrolls of enchant weapon
 F - 3 scrolls of brand weapon
 K - 7 scrolls of enchant armour
 P - 2 scrolls of magic mapping
 R - 2 scrolls of fear
 U - 16 scrolls of identify
 X - a scroll of holy word
 Y - 4 scrolls of amnesia
Potions
 d - 3 potions of mutation
 g - 2 potions of haste
 h - 3 potions of cancellation
 i - 5 potions of magic
 n - 6 potions of curing
 o - 10 potions of brilliance
 q - a potion of ambrosia
 r - 3 potions of might
 x - a potion of resistance
 L - 2 potions of berserk rage
Miscellaneous
 k - a tin of tremorstones (2/2)
 G - a condenser vane (inert)


   Skills:
 + Level 15.3 Fighting
 + Level 14.0 Short Blades
 + Level 14.0 Long Blades
 + Level 14.7 Axes
 + Level 14.0 Maces & Flails
 + Level 14.0 Polearms
 + Level 14.0 Staves
 + Level 14.0 Slings
 + Level 14.0 Bows
 + Level 14.0 Crossbows
 + Level 14.0 Throwing
 + Level 15.3 Armour
 + Level 14.0 Dodging
 + Level 14.0 Stealth
 + Level 15.3 Shields
 + Level 14.0 Unarmed Combat
 + Level 14.0 Spellcasting
 + Level 11.9 Conjurations
 + Level 11.9 Hexes
 + Level 11.9 Summonings
 + Level 11.9 Necromancy
 + Level 11.9 Translocations
 + Level 11.9 Transmutations
 + Level 11.9 Fire Magic
 + Level 11.9 Ice Magic
 + Level 11.9 Air Magic
 + Level 11.9 Earth Magic
 + Level 11.9 Poison Magic
 + Level 15.2 Invocations
 + Level 14.0 Evocations


You had 13 spell levels left.
You knew the following spells:

 Your Spells              Type           Power      Damage    Failure   Level
a - Iskenderun's Mystic   Conj/Tloc      67%        2d14      1%          4
b - Mephitic Cloud        Conj/Pois/Air  67%        N/A       1%          3
c - Stone Arrow           Conj/Erth      100%       3d13      1%          3
d - Fulminant Prism       Conj/Hex       33%        3d16      1%          4
e - Cause Fear            Hex            33%        N/A       1%          4
f - Freezing Cloud        Conj/Ice/Air   33%        6-21      4%          5
g - Flame Wave            Conj/Fire      67%        2d12      1%          4
h - Fireball              Conj/Fire      33%        3d14      4%          5
A - Blink                 Tloc           100%       N/A       1%          2

Your spell library contained the following spells:

 Spells                   Type           Power      Damage    Failure   Level
 Apportation              Tloc           100%       N/A       1%          1
 Magic Dart               Conj           100%       1d8       1%          1
 Sandblast                Erth           100%       2d20      1%          1
 Shock                    Conj/Air       100%       1d9       1%          1
 Corpse Rot               Necr/Air       100%       N/A       1%          2
 Ensorcelled Hibernation  Hex/Ice        100%       N/A       1%          2
 Passwall                 Tmut/Erth      55%        N/A       1%          2
 Poisonous Vapours        Pois/Air       100%       N/A       1%          2
 Scorch                   Fire           100%       2d10      1%          2
 Static Discharge         Conj/Air       67%        N/A       1%          2
 Dazzling Flash           Conj/Hex       100%       N/A       1%          3
 Frozen Ramparts          Ice            100%       1d12      1%          3
 Gell's Gravitas          Tloc           67%        N/A       1%          3
 Inner Flame              Hex/Fire       67%        N/A       1%          3
 Ozocubu's Armour         Ice            67%        N/A       1%          3
 Swiftness                Air            67%        N/A       1%          3
 Teleport Other           Tloc           67%        N/A       1%          3
 Airstrike                Air            33%        N/A       1%          4
 Dispel Undead            Necr           67%        3d23      1%          4
 Hailstorm                Conj/Ice       67%        3d14      1%          4
 Ice Form                 Ice/Tmut       67%        N/A       1%          4
 Agony                    Necr           67%        N/A       4%          5
 Iskenderun's Battlesphe  Conj           67%        2d12      4%          5
 Lee's Rapid Deconstruct  Erth           33%        3d18*     4%          5
 Manifold Assault         Tloc           67%        N/A       4%          5
 Metabolic Englaciation   Hex/Ice        33%        N/A       4%          5
 Silence                  Hex/Air        33%        N/A       4%          5
 Conjure Ball Lightning   Conj/Air       33%        3x3d11    24%         6
 Dispersal                Tloc           33%        N/A       24%         6
 Orb of Destruction       Conj           33%        9d10      78%         7
 Storm Form               Tmut/Air       33%        N/A       78%         7
 Discord                  Hex            33%        N/A       100%        8
 Disjunction              Tloc           33%        N/A       100%        8
 Animate Skeleton         Necr           Unusable   N/A       N/A         1
 Summon Small Mammal      Summ           Unusable   N/A       N/A         1
 Summon Ice Beast         Ice/Summ       Unusable   N/A       N/A         4
 Summon Forest            Summ/Tloc      Unusable   N/A       N/A         5
 Death Channel            Necr           Unusable   N/A       N/A         6
 Simulacrum               Ice/Necr       Unusable   N/A       N/A         6
 Summon Cactus Giant      Summ           Unusable   N/A       N/A         6

Dungeon Overview and Level Annotations

Branches:
Dungeon (15/15)            Temple (1/1) D:5            Lair (6/6) D:8
 Shoals (4/4) Lair:2       Spider (4/4) Lair:3        Slime (0/5) Lair:6
    Orc (2/2) D:11            Elf (0/3) Orc:2        Vaults (2/5) D:14
  Crypt (0/3) Vaults:2     Depths (0/4) D:15          IceCv (visited)

Altars:
Ashenzari
Cheibriados
Dithmenos
Elyvilon
Fedhas
Gozag
Hepliaklqana
Kikubaaqudgha
Makhleb
Nemelex Xobeh
Okawaru
Qazlal
Ru
Sif Muna
Trog
Uskayaw
Vehumet
Wu Jian
Xom
Yredelemnul
Zin
The Shining One
Beogh
Jiyva

Shops:
D:2 =   D:3 [   D:4 *   D:5 *   D:8 (   D:12 ?   Orc:2 =*[(   Shoals:1 *(*[
Vaults:1 =

Annotations:
D:5 1 runed translucent door, Dabor's ghost, amateur TrFi
Vaults:2 Zenata


Innate Abilities, Weirdness & Mutations

You have very sharp teeth.
Your uncanny sense of smell can sniff out nearby items.
Your experience applies equally to all skills.


Message History

The tengu reaver claws you but does no damage.
The entropy weaver is engulfed in freezing vapours.
You kill the entropy weaver!
Okawaru accepts your kill. Okawaru grants you ammunition!
Something appears at your feet!
The lich is engulfed in freezing vapours.
A vault warden comes into view. It is wielding a +0 long sword.
The ironbound frostheart calls freezing cold from the walls.
The frost grips you! You partially resist.
* * * LOW HITPOINT WARNING * * *
Unknown command.
Unknown command.
As you read the scroll of fog, it crumbles to dust.
The scroll dissolves into smoke.
The +2 short sword of freezing is engulfed in freezing vapours.
The +0 long sword of holy wrath is engulfed in freezing vapours.
The +3 halberd of venom hits you but does no damage.
The +2 short sword of freezing is engulfed in freezing vapours.
The lich is engulfed in freezing vapours.
The +3 halberd of venom closely misses you.
The brown ugly thing is engulfed in freezing vapours.
The tengu reaver is engulfed in freezing vapours.
The tengu reaver casts a spell at you. The bolt of lightning misses you.
The +2 short sword of freezing is engulfed in freezing vapours.
The +1 glaive of protection is engulfed in freezing vapours.
The brown ugly thing is engulfed in freezing vapours.
You kill the brown ugly thing!
Okawaru accepts your kill.
You block the +3 halberd of venom's attack.
The vault warden activates a sealing rune.
A door slams shut!
As you read the scroll of teleportation, it crumbles to dust.
You feel strangely unstable. The ice encasing you melts away.
The +2 short sword of freezing is engulfed in freezing vapours.
The +3 halberd of venom is engulfed in freezing vapours.
The +3 halberd of venom hits you from afar!!
You die...

######### .
#.......+..
#.......#. ∆
#.......+ #.......#
#§§§....# #§§§....# ∆
#@§§....#
§§L§((Q§§§....#
§..§((#########
....p( ##### ###+#
#.)†) ####p### #.8.#
#.#...#.## #...# ##
...>....## #.### #..
#...#...###########.#
.


You could see a tengu reaver, a lich (fast), an ironbound frostheart and 5
dancing weapons.

Vanquished Creatures
  Frederick (Vaults:2)
  Mlioglotl (Arena)
  2 krakens
  Polyphemus (Shoals:4)
  2 sphinxes (Vaults:2)
  Kirke (Lair:5)
  Donald (Spider:4)
  A storm dragon (Shoals:4)
  4 emperor scorpions
  2 vault wardens
  4 orc warlords
  Louise (Arena)
  The ghost of Poittog the Brawler, a journeyman DrMo of Ashenzari (Lair:3)
  4 ghost moths
  A war gargoyle (Vaults:2)
  A broodmother (Spider:3)
  4 very ugly things (Vaults:2)
  11 ironbound preservers
  3 ironbound thunderhulks
  The ghost of dricus the Fighter, a journeyman GnWn of Okawaru (Lair:6)
  6 entropy weavers
  Snorg (Lair:6)
  5 spark wasps
  5 merfolk javelineers (Shoals:4)
  9 merfolk impalers
  3 dire elephants (Vaults:2)
  A crystal guardian (Vaults:2)
  A great orb of eyes (Vaults:1)
  5 yaktaur captains
  The ghost of Colgate the Nimble, a journeyman SpEn of Gozag (Lair:4)
  12 hydras
  3 boulder beetles
  A peacekeeper (Vaults:2)
  2 jorogumos
  4 catoblepae
  4 vault guards (D:14)
  10 centaur warriors
  4 radroaches
  2 merfolk avatars
  9 merfolk aquamancers
  8 two-headed ogres
  5 ironbound frosthearts
  28 death yaks
  4 death knights
  2 deep troll earth magi (Vaults:1)
  2 tengu warriors (D:14)
  Urug (Lair:5)
  4 orc high priests
  Sonja (Lair:3)
  5 skeletal warriors
  2 sun moths
  6 pharaoh ants
  16 sea snakes
  10 orb spiders
  Pikel (D:5)
  36 deep trolls
  4 steelbarb worms
  A flayed ghost (D:15)
  7 orc knights
  2 wizards
  23 harpies
  4 ironbound convokers (Vaults:1)
  12 lindwurms
  A phantasmal warrior (D:15)
  4 deep elf pyromancers
  A necromancer (D:15)
  5 orc sorcerers
  28 wolf spiders
  6 ugly things
  8 fauns
  A wolf spider (shapeshifter) (Vaults:2)
  6 cyclopes
  18 manticores
  A frost giant skeleton (D:15)
  4 moths of wrath
  2 stone giant skeletons (D:15)
  15 merfolk sirens
  6 black mambas
  5 torpor snails
  3 gargoyles
  11 elephants
  A naga mage (Vaults:2)
  Joseph (D:9)
  9 water nymphs
  5 vault sentinels
  16 cane toads
  An ice statue (IceCv)
  A kobold demonologist (D:10)
  3 rime drakes (Lair:5)
  2 freezing wraiths
  5 demonic crawlers
  2 tengu conjurers
  19 komodo dragons
  2 efreet
  24 yaktaurs
  2 ice devils (D:13)
  12 polar bears
  3 meliai (D:14)
  37 merfolk
  A polar bear (shapeshifter) (D:15)
  Prince Ribbit (D:5)
  11 wind drakes
  25 tarantellas
  4 trolls
  8 hornets
  9 blink frogs
  5 snapping turtles
  8 dream sheep
  A spriggan zombie (D:15)
  10 slime creatures
  31 jumping spiders
  2 shadows
  21 water elementals
  5 air elementals (Shoals:4)
  20 culicivoras
  5 wyverns
  Grum (Lair:1)
  4 wraiths
  62 yaks
  2 humans
  3 hogs (Lair:6)
  Eustachio (D:5)
  6 basilisks
  4 steam dragons
  49 redbacks
  A vampire mosquito (D:15)
  Menkaure (D:5)
  2 acid dragons
  22 water moccasins
  A sky beast (D:7)
  31 orc warriors
  5 ogres
  A black bear (Lair:5)
  An ice beast (D:6)
  5 boggarts (Vaults:1)
  35 wolves
  19 centaurs
  A lemure (D:5)
  5 phantoms
  2 kobold brigands
  12 bullfrogs
  2 necrophages
  2 gnoll sergeants
  4 scorpions
  8 wights (D:7)
  25 killer bees
  2 jellies
  2 howler monkeys (D:9)
  8 electric eels
  A hound (D:5)
  22 orc priests
  A gnoll shaman (D:7)
  4 iguanas
  30 orc wizards
  16 hell rats
  11 gnolls
  5 adders
  7 river rats (D:7)
  2 shadow imps
  6 white imps
  An ufetubus (D:6)
  3 worms
  A dart slug (D:1)
  113 orcs
  6 bats
  7 endoplasms
  2 giant cockroaches
  7 goblins
  9 hobgoblins
  10 kobolds
  5 quokkas
  8 ball pythons
  6 frilled lizards
  22 rats
  5 tentacles
1395 creatures vanquished.

Vanquished Creatures (others)
  A wolf spider (Spider:1)
  2 manticores
  2 centaurs (D:13)
  2 orc priests
  2 orc wizards
  29 fulminant prisms
  52 fungi
  120 plants
  15 tentacles
  6 withered plants (D:15)
231 creatures vanquished.

Grand Total: 1626 creatures vanquished

Notes
Turn   | Place    | Note
-------+----------+-------------------------------------------
     0 | D:1      | fritzmikael the Gnoll Fighter began the quest for the Orb.
     0 | D:1      | Reached XP level 1. HP: 23/23 MP: 1/1
   173 | D:1      | Reached XP level 2. HP: 24/29 MP: 2/2
   874 | D:2      | Reached XP level 3. HP: 34/35 MP: 3/3
   984 | D:2      | Found Zunuti's Jewellery Boutique.
  1433 | D:2      | Reached skill level 1 in Invocations
  1639 | D:2      | Found a faded altar of an unknown god.
  1864 | D:3      | Reached skill level 1 in Short Blades
  1864 | D:3      | Reached skill level 1 in Long Blades
  1864 | D:3      | Reached skill level 1 in Maces & Flails
  1864 | D:3      | Reached skill level 1 in Polearms
  1864 | D:3      | Reached skill level 1 in Staves
  1864 | D:3      | Reached skill level 1 in Slings
  1864 | D:3      | Reached skill level 1 in Bows
  1864 | D:3      | Reached skill level 1 in Crossbows
  1864 | D:3      | Reached skill level 1 in Throwing
  1864 | D:3      | Reached skill level 1 in Dodging
  1864 | D:3      | Reached skill level 1 in Stealth
  1864 | D:3      | Reached skill level 1 in Unarmed Combat
  1864 | D:3      | Reached skill level 1 in Spellcasting
  1864 | D:3      | Reached skill level 1 in Evocations
  1864 | D:3      | Reached XP level 4. HP: 26/41 MP: 5/5
  2118 | D:3      | Reached skill level 1 in Conjurations
  2118 | D:3      | Reached skill level 1 in Hexes
  2118 | D:3      | Reached skill level 1 in Summonings
  2118 | D:3      | Reached skill level 1 in Necromancy
  2118 | D:3      | Reached skill level 1 in Translocations
  2118 | D:3      | Reached skill level 1 in Transmutations
  2118 | D:3      | Reached skill level 1 in Fire Magic
  2118 | D:3      | Reached skill level 1 in Ice Magic
  2118 | D:3      | Reached skill level 1 in Air Magic
  2118 | D:3      | Reached skill level 1 in Earth Magic
  2118 | D:3      | Reached skill level 1 in Poison Magic
  2177 | D:3      | Found Reorun Mebb's Antique Armour Shop.
  2251 | D:3      | Noticed a necrophage
  3134 | D:3      | Noticed a phantom
  3162 | D:3      | Killed a phantom
  3163 | D:3      | Reached XP level 5. HP: 29/47 MP: 5/7
  3558 | D:3      | Bought a shiny kite shield for 217 gold pieces
  3635 | D:4      | Reached XP level 6. HP: 38/53 MP: 8/8
  3825 | D:4      | Reached skill level 5 in Axes
  4161 | D:4      | Found Goideek's Fire Supplies.
  4627 | D:5      | Entered Level 5 of the Dungeon
  4845 | D:5      | Reached XP level 7. HP: 49/59 MP: 10/10
  4924 | D:5      | Found a runed translucent door.
  4936 | D:5      | Noticed Dabor's ghost (amateur TrFi)
  4988 | D:5      | Noticed Eustachio
  5062 | D:5      | Noticed Prince Ribbit
  5083 | D:5      | Killed Prince Ribbit
  5094 | D:5      | Killed Eustachio
  5154 | D:5      | Reached XP level 8. HP: 34/67 MP: 12/12
  5628 | D:5      | Found a staircase to the Ecumenical Temple.
  5640 | D:5      | Noticed Menkaure
  5650 | D:5      | Killed Menkaure
  5656 | Temple   | Entered the Ecumenical Temple
  6268 | Temple   | Became a worshipper of Warmaster Okawaru
  6439 | D:5      | Found Tillal's General Store.
  6442 | D:5      | Bought a scroll of teleportation for 33 gold pieces
  6442 | D:5      | Bought a potion of heal wounds for 55 gold pieces
  6442 | D:5      | Bought a scroll of identify for 22 gold pieces
  6473 | D:5      | Noticed Pikel
  6503 | D:5      | Killed Pikel
  6503 | D:5      | Reached * piety under Okawaru
  6504 | D:5      | Reached XP level 9. HP: 56/73 MP: 13/15
  6934 | D:6      | Noticed a troll
  7683 | D:6      | Reached ** piety under Okawaru
  7812 | D:6      | Reached skill level 5 in Invocations
  8076 | D:6      | Killed a troll
  8709 | D:7      | Reached XP level 10. HP: 41/80 MP: 17/17
  9004 | D:7      | Reached skill level 5 in Short Blades
  9004 | D:7      | Reached skill level 5 in Long Blades
  9004 | D:7      | Reached skill level 5 in Maces & Flails
  9004 | D:7      | Reached skill level 5 in Polearms
  9004 | D:7      | Reached skill level 5 in Staves
  9004 | D:7      | Reached skill level 5 in Slings
  9004 | D:7      | Reached skill level 5 in Bows
  9004 | D:7      | Reached skill level 5 in Crossbows
  9004 | D:7      | Reached skill level 5 in Throwing
  9004 | D:7      | Reached skill level 5 in Dodging
  9004 | D:7      | Reached skill level 5 in Stealth
  9004 | D:7      | Reached skill level 5 in Unarmed Combat
  9004 | D:7      | Reached skill level 5 in Spellcasting
  9004 | D:7      | Reached skill level 5 in Evocations
 10895 | D:7      | Upgraded the game from 0.29-a0-289-g2178c42546 to
                  | 0.29-a0-294-g83ea962da3
 11343 | D:8      | Found a staircase to the Lair.
 11565 | D:8      | Reached *** piety under Okawaru
 11614 | D:8      | Paralysed by a hornet for 1 turns
 11886 | D:8      | Found Lirirus's Antique Weapon Shop.
 11991 | D:8      | Reached XP level 11. HP: 66/87 MP: 13/19
 12149 | D:9      | Found a shimmering altar of Xom.
 12447 | D:9      | Reached skill level 5 in Conjurations
 12447 | D:9      | Reached skill level 5 in Hexes
 12447 | D:9      | Reached skill level 5 in Summonings
 12447 | D:9      | Reached skill level 5 in Necromancy
 12447 | D:9      | Reached skill level 5 in Translocations
 12447 | D:9      | Reached skill level 5 in Transmutations
 12447 | D:9      | Reached skill level 5 in Fire Magic
 12447 | D:9      | Reached skill level 5 in Ice Magic
 12447 | D:9      | Reached skill level 5 in Air Magic
 12447 | D:9      | Reached skill level 5 in Earth Magic
 12447 | D:9      | Reached skill level 5 in Poison Magic
 12975 | D:9      | Noticed Joseph
 12997 | D:9      | Killed Joseph
 13459 | D:10     | Entered Level 10 of the Dungeon
 13768 | D:10     | Reached **** piety under Okawaru
 13834 | D:10     | Noticed a two-headed ogre
 13864 | D:10     | Killed a two-headed ogre
 14025 | D:10     | Noticed a two-headed ogre
 14038 | D:10     | Killed a two-headed ogre
 14132 | D:10     | Noticed a soul eater
 14332 | D:10     | Noticed a two-headed ogre
 14344 | D:10     | Killed a two-headed ogre
 14543 | D:10     | Noticed a two-headed ogre
 14567 | D:10     | Killed a two-headed ogre
 14567 | D:10     | Received a gift from Okawaru
 14993 | D:11     | Noticed a boulder beetle
 15002 | D:11     | Killed a boulder beetle
 15532 | D:11     | Noticed an eight-headed hydra
 15778 | D:11     | Reached XP level 12. HP: 91/96 MP: 20/22
 15817 | D:11     | Found a staircase to the Orcish Mines.
 15925 | D:11     | Noticed a two-headed ogre
 15945 | D:10     | Killed a two-headed ogre
 16450 | D:12     | Noticed an eight-headed hydra
 16459 | D:12     | Killed an eight-headed hydra
 16717 | D:12     | Noticed a five-headed hydra
 16726 | D:12     | Killed a five-headed hydra
 16842 | D:12     | Noticed a two-headed ogre
 16871 | D:12     | Killed a two-headed ogre
 16871 | D:12     | Reached ***** piety under Okawaru
 16909 | D:12     | Found Pysutin's Magic Scroll Shoppe.
 17618 | D:11     | Found a burning altar of Makhleb.
 17977 | Lair:1   | Entered Level 1 of the Lair of Beasts
 17977 | Lair:1   | Noticed Grum
 17981 | Lair:1   | Reached skill level 10 in Fighting
 17981 | Lair:1   | Reached skill level 10 in Armour
 17981 | Lair:1   | Reached skill level 10 in Shields
 18124 | Lair:1   | Killed Grum
 18387 | Lair:1   | Received a gift from Okawaru
 19656 | Lair:2   | Received a gift from Okawaru
 20410 | Lair:2   | Reached XP level 13. HP: 54/103 MP: 24/24
 22527 | Lair:2   | Found the +5 robe of Night {Dark Will+ SInv}
 22537 | Lair:2   | Got Biuzin's Catalogue of Attacks and Translocation
 22542 | Lair:2   | Identified the ring "Kotuuz" {rPois Will+ rCorr}
 22634 | Lair:2   | Found a staircase to the Shoals.
 22683 | Lair:2   | Received a gift from Okawaru
 23441 | Lair:3   | Received a gift from Okawaru
 23477 | Lair:3   | Noticed Sonja
 23502 | Lair:3   | Killed Sonja
 23696 | Lair:3   | Learned a level 2 spell: Blink
 23956 | Lair:3   | Found a hole to the Spider Nest.
 23980 | Lair:3   | Found a runed translucent gate.
 23980 | Lair:3   | Found a runed translucent gate.
 23980 | Lair:3   | Found a runed translucent gate.
 23982 | Lair:3   | Noticed Poittog's ghost (journeyman DrMo)
 24533 | Lair:3   | Killed Poittog's ghost
 24721 | Lair:4   | Reached skill level 10 in Axes
 24724 | Lair:4   | Received a gift from Okawaru
 24725 | Lair:4   | Reached XP level 14. HP: 65/113 MP: 23/26
 25258 | Lair:4   | Found a runed translucent gate.
 25258 | Lair:4   | Found a runed translucent gate.
 25258 | Lair:4   | Found a runed translucent gate.
 25259 | Lair:4   | Noticed Colgate's ghost (journeyman SpEn)
 25502 | Lair:4   | Received a gift from Okawaru
 26451 | Lair:4   | Killed Colgate's ghost
 26451 | Lair:4   | Received a gift from Okawaru
 27038 | Lair:4   | Identified the +10 long sword "Wilerchu" {protect, Str+4}
 27386 | Lair:5   | Reached skill level 10 in Invocations
 27658 | Lair:5   | Received a gift from Okawaru
 27806 | Lair:5   | Noticed Urug
 27825 | Lair:5   | Killed Urug
 28197 | Lair:5   | Got Gorhoeno's Almanac of Displaced Air
 28209 | Lair:5   | Received a gift from Okawaru
 28688 | Lair:5   | Received a gift from Okawaru
 28966 | Lair:6   | Entered Level 6 of the Lair of Beasts
 28974 | Lair:6   | Noticed Kirke
 29168 | Lair:5   | Killed Kirke
 29308 | Lair:6   | Received a gift from Okawaru
 29728 | Lair:6   | Noticed Snorg
 29884 | Lair:6   | Killed Snorg
 30095 | Lair:6   | Received a gift from Okawaru
 30141 | Lair:6   | Reached XP level 15. HP: 120/120 MP: 28/28
 30620 | Lair:6   | Reached ****** piety under Okawaru
 31149 | Lair:6   | Found a large runed translucent door.
 31150 | Lair:6   | Found a large runed translucent door.
 31242 | Lair:6   | Found a staircase to the Slime Pits.
 31242 | Lair:6   | Found a viscous altar of Jiyva.
 31376 | Lair:6   | Received a gift from Okawaru
 31853 | Lair:6   | Reached skill level 10 in Short Blades
 31853 | Lair:6   | Reached skill level 10 in Long Blades
 31853 | Lair:6   | Reached skill level 10 in Maces & Flails
 31853 | Lair:6   | Reached skill level 10 in Polearms
 31853 | Lair:6   | Reached skill level 10 in Staves
 31853 | Lair:6   | Reached skill level 10 in Slings
 31853 | Lair:6   | Reached skill level 10 in Bows
 31853 | Lair:6   | Reached skill level 10 in Crossbows
 31853 | Lair:6   | Reached skill level 10 in Throwing
 31853 | Lair:6   | Reached skill level 10 in Dodging
 31853 | Lair:6   | Reached skill level 10 in Stealth
 31853 | Lair:6   | Reached skill level 10 in Unarmed Combat
 31853 | Lair:6   | Reached skill level 10 in Spellcasting
 31853 | Lair:6   | Reached skill level 10 in Evocations
 32193 | Lair:6   | Received a gift from Okawaru
 32415 | Lair:6   | Learned a level 3 spell: Mephitic Cloud
 32771 | Lair:6   | Noticed dricus's ghost (journeyman GnWn)
 32811 | Lair:6   | Killed dricus's ghost
 33224 | D:4      | Bought a +3 scale mail of fire resistance for 364 gold
                  | pieces
 33242 | D:4      | Learned a level 3 spell: Stone Arrow
 33247 | D:4      | Learned a level 4 spell: Fulminant Prism
 33252 | D:4      | Learned a level 4 spell: Cause Fear
 33478 | Orc:1    | Entered Level 1 of the Orcish Mines
 33623 | Orc:1    | Found a transporter.
 33629 | Orc:1    | Found a transporter.
 33630 | Orc:1    | Noticed an orc warlord
 33879 | Orc:1    | Killed an orc warlord
 34222 | Orc:2    | Entered Level 2 of the Orcish Mines
 34357 | Orc:2    | Received a gift from Okawaru
 34862 | Orc:2    | Found a staircase to the Elven Halls.
 34943 | Orc:2    | Noticed an orc warlord
 34961 | Orc:2    | Received a gift from Okawaru
 34962 | Orc:2    | Killed an orc warlord
 35352 | Orc:2    | Found Jeowu's Antique Armour Shoppe.
 35353 | Orc:2    | Found Gosum's Antique Weapon Shoppe.
 35354 | Orc:2    | Found Mior's General Store.
 35354 | Orc:2    | Found Vugg's Jewellery Emporium.
 35359 | Orc:2    | Bought the ring "Ibruega" {rF+ rC+ Str+3 Int+4} for 912
                  | gold pieces
 35658 | Spider:1 | Entered Level 1 of the Spider Nest
 35770 | Spider:1 | Received a gift from Okawaru
 36467 | Spider:1 | Received a gift from Okawaru
 36468 | Spider:1 | Reached XP level 16. HP: 127/128 MP: 20/30
 36535 | Spider:1 | Got the Almanac of the Glacier
 36862 | Spider:1 | Received a gift from Okawaru
 37555 | Spider:1 | Learned a level 4 spell: Iskenderun's Mystic Blast
 38929 | Spider:2 | Received a gift from Okawaru
 40001 | Spider:2 | Identified the +0 robe "Dextec" {rC+ Str+2 Slay-5} (Okawaru
                  | gifted it to you on level 2 of the Spider Nest)
 40001 | Spider:2 | Received a gift from Okawaru
 40667 | Spider:3 | Learned a level 5 spell: Freezing Cloud
 43256 | Spider:4 | Entered Level 4 of the Spider Nest
 44160 | Spider:3 | Received a gift from Okawaru
 44476 | Spider:4 | Reached XP level 17. HP: 135/136 MP: 17/32
 46335 | Spider:4 | Received a gift from Okawaru
 47264 | Spider:4 | Noticed Donald
 47508 | Spider:4 | Killed Donald
 47928 | Spider:4 | Found the +3 Mad Mage's Maulers {Infuse+∞ RegenMP Int-3}
 47962 | Spider:4 | Got a gossamer rune of Zot
 48173 | Shoals:1 | Entered Level 1 of the Shoals
 48356 | Shoals:1 | Reached skill level 10 in Conjurations
 48356 | Shoals:1 | Reached skill level 10 in Hexes
 48356 | Shoals:1 | Reached skill level 10 in Summonings
 48356 | Shoals:1 | Reached skill level 10 in Necromancy
 48356 | Shoals:1 | Reached skill level 10 in Translocations
 48356 | Shoals:1 | Reached skill level 10 in Transmutations
 48356 | Shoals:1 | Reached skill level 10 in Fire Magic
 48356 | Shoals:1 | Reached skill level 10 in Ice Magic
 48356 | Shoals:1 | Reached skill level 10 in Air Magic
 48356 | Shoals:1 | Reached skill level 10 in Earth Magic
 48356 | Shoals:1 | Reached skill level 10 in Poison Magic
 49265 | Shoals:1 | Noticed a kraken
 49306 | Shoals:1 | Killed a kraken
 49904 | Shoals:1 | Received a gift from Okawaru
 49975 | Shoals:1 | Found Uraibue's Visitors' Centre.
 50238 | Shoals:1 | Found Uraibue's Merfolk Magic.
 50238 | Shoals:1 | Found Uraibue's Merfolk Armours.
 50869 | Shoals:2 | Reached XP level 18. HP: 138/144 MP: 34/34
 51094 | Shoals:2 | Noticed Mlioglotl
 51110 | Arena    | Entered the Arena
 51121 | Arena    | Killed Mlioglotl
 52141 | Shoals:3 | Received a gift from Okawaru
 52329 | Shoals:3 | Noticed Louise
 52331 | Shoals:3 | Identified the +0 plate armour "Irreedesyz" {+Blink Will-
                  | Dex+5 SInv} (Okawaru gifted it to you on level 3 of the
                  | Shoals)
 52331 | Shoals:3 | Received a gift from Okawaru
 52332 | Arena    | Entered the Arena
 52347 | Arena    | Killed Louise
 52643 | Shoals:3 | Learned a level 4 spell: Flame Wave
 52649 | Shoals:3 | Learned a level 5 spell: Fireball
 53769 | Shoals:4 | Entered Level 4 of the Shoals
 54283 | Shoals:4 | Paralysed by an air elemental for 1 turns
 54887 | Shoals:4 | Paralysed by an air elemental for 1 turns
 54948 | Arena    | Entered the Arena
 55073 | Shoals:4 | Got a barnacled rune of Zot
 55208 | Shoals:4 | Paralysed by an air elemental for 1 turns
 55535 | Shoals:4 | Received a gift from Okawaru
 55655 | Shoals:4 | Noticed Polyphemus
 55925 | Shoals:4 | Identified the +10 plate armour "Pannoawa" {rPois rC+
                  | Dex-2}
 56363 | Shoals:4 | Paralysed by an air elemental for 1 turns
 56563 | Shoals:4 | Paralysed by an air elemental for 1 turns
 56567 | Shoals:4 | Paralysed by an air elemental for 1 turns
 56571 | Shoals:4 | Paralysed by an air elemental for 1 turns
 56676 | Shoals:4 | Received a gift from Okawaru
 56893 | Shoals:4 | Killed Polyphemus
 56894 | Shoals:4 | Reached XP level 19. HP: 125/152 MP: 9/35
 57109 | Shoals:4 | Received a gift from Okawaru
 57980 | D:13     | Found a frozen archway.
 57989 | IceCv    | Entered an ice cave
 58403 | IceCv    | Received a gift from Okawaru
 58660 | IceCv    | Identified the +2 hat "Utataseg" {rPois Int+2}
 58663 | IceCv    | Identified the +7 short sword of Armageddon {vorpal, rF+
                  | Int+3 Dex-2 Stlth+}
 58833 | IceCv    | Received a gift from Okawaru
 59738 | D:13     | Found a shadowy altar of Dithmenos.
 60017 | D:14     | Found a gate to the Vaults.
 60040 | D:14     | Received a gift from Okawaru
 60961 | D:15     | Entered Level 15 of the Dungeon
 61093 | D:15     | Found a staircase to the Depths.
 62281 | Vaults:1 | Entered Level 1 of the Vaults
 62468 | Vaults:1 | Found Nuetseud's Jewellery Shoppe.
 62495 | Vaults:1 | Received a gift from Okawaru
 62495 | Vaults:1 | Found the +4 robe of Folly {Brilliance Will-∞ Int+8}
 62604 | Arena    | Entered the Arena
 63231 | Vaults:1 | Reached XP level 20. HP: 161/161 MP: 26/37
 64241 | Vaults:1 | Reached skill level 15 in Fighting
 64241 | Vaults:1 | Reached skill level 15 in Armour
 64241 | Vaults:1 | Reached skill level 15 in Shields
 66249 | Vaults:2 | Found a staircase to the Crypt.
 66249 | Vaults:2 | Found a basalt altar of Yredelemnul.
 66250 | Vaults:2 | Found an ancient bone altar of Kikubaaqudgha.
 66287 | Vaults:2 | Noticed Frederick
 66310 | Vaults:2 | Killed Frederick
 66382 | Vaults:2 | Identified the +0 triple sword of Purpose {antimagic, Str-2
                  | Dex+6} (Okawaru gifted it to you on level 2 of the Vaults)
 66382 | Vaults:2 | Received a gift from Okawaru
 66383 | Vaults:2 | Reached skill level 15 in Invocations
 67240 | Vaults:2 | Identified the +2 robe of Noughts and Crosses {rF+ Int+4}
 67261 | Vaults:2 | Noticed Zenata
 67266 | Vaults:2 | Received a gift from Okawaru
 67268 | Vaults:2 | Slain by a +3 halberd of venom

Illustrated notes

Levels and vault maps discovered:
D:1:      elethiomel_arrival_shortcut, layout_loops_ring
D:2:      kennysheep_six_static_rooms, layout_loops_ring,
          shapermc_ecumenical_altar_hornbeckon, serial_shops,
          nicolae_shop_crystal
D:3:      layout_basic, serial_shops, nicolae_shop_waterfront, minivault_25,
          hangedman_feature_mirror, lightli_corner_chamber
D:4:      layout_loops_corners, gup_sewer_entry_bowl, nicolae_shop_fire_sale
          [nicolae_sub_dead_trees], minmay_misc_feat_iff, minivault_14,
          hangedman_abyss_or_decor_lesser_grid, chequers_serial_rivers_micro_d
D:5:      layout_basic, minmay_temple_entry_antechambers, ebering_ghost_sewer_d,
          serial_shops, nicolae_shop_behind_doors, hex_tiny,
          minmay_starry_boxes, uniq_pikel, uniq_eustachio, uniq_menkaure,
          uniq_prince_ribbit1
D:6:      layout_cave_pods
D:7:      lemuel_ratsnest, layout_cave_pods
D:8:      layout_cave_pools, david_lair_shrubbed, serial_shops,
          kennysheep_little_box, minmay_joined_circles
D:9:      layout_irregular_city, xom_teletrap_fun, serial_column_ruins,
          column_ruins_grid_1, column_ruins_grid_1, column_ruins_grid_1,
          column_ruins_open_tiny, uniq_joseph
D:10:     nicolae_BIG_FREAKIN_CUBE, layout_basic
D:11:     layout_loops_corners, hiddenorc2_lemuel, bloody_makhleb
D:12:     layout_irregular_city, serial_shops, nicolae_shop_window_shopping
D:13:     layout_long_grid, portal_ice_cave_demonic_guard,
          nicolae_dithmenos_the_darkroom
D:14:     layout_small_grid, lightli_vaults_fourway_checkpoint,
          chequers_decorated_corner
D:15:     gammafunk_depths_entry_grave, layout_basic,
          minmay_misc_feat_nine_boxes, interstate_on_off, st_stairs_2
Temple:   mainiacjoe_temple_circle_huts
Lair:1:   layout_roguey, lemuel_fruit_fields, uniq_grum
Lair:2:   layout_small_grid, elwin_shoals_entry_rooms, minmay_lindwurm_lava,
          grunt_megastairs_4
Lair:3:   layout_layer_cave, spider_nest_entry_web_field,
          ebering_ghost_rock_garden, serial_bayou_pond_d, lemuel_fruit_tree,
          infiniplex_staircase_pool, serial_bayou_shore_b, uniq_sonja
Lair:4:   layout_small_grid, gammafunk_ghost_hydra_chop, st_stairs_13,
          columned_hall_lemuel, chequers_serial_rivers_micro_a,
          beast_lair_carwin_4
Lair:5:   layout_hall_layers, serial_bayou, serial_bayou_pond_b,
          serial_bayou_ford_a, serial_bayou_crossing, serial_bayou_shore_a,
          grunt_megastairs_3, infiniplex_staircase_pool_2, uniq_urug
Lair:6:   evilmike_catoblepas_cave, layout_regular_city, slime_altar_1,
          ebering_ghost_disaster_area, uniq_snorg, uniq_kirke
Shoals:1: nicolae_shoals_mermall, layout_shoals,
          nicolae_shoals_kraken_intersection
Shoals:2: layout_shoals, uniq_mlioglotl
Shoals:3: layout_shoals, nicolae_shoals_wave_tunnel, uniq_louise
Shoals:4: shoals_end_hellmonk_storm_palace [storm_palace_center_square,
          storm_palace_corner_pillars, storm_palace_corner_reverse_hut,
          storm_palace_corner_grid, storm_palace_corner_pillars],
          uniq_polyphemus
Spider:1: layout_cave_pods
Spider:2: layout_spider_delve
Spider:3: layout_cave_pods, nicolae_spider_cling_halls
Spider:4: spider_rune_water, uniq_donald
Orc:1:    gammafunk_beogh_shrine, layout_caves, nooodl_orcs_dogs
Orc:2:    st_orc_congregation, layout_caves, minmay_orc_keep
Vaults:1: nicolae_vaults_mini_display_case, v_misc_33, v_misc_3, v_rooms_4,
          vaults_room_door_hall, vaults_standard_mumra_x,
          layout_vaults_omnigrid, serial_shops, nicolae_square_shop
Vaults:2: minmay_crypt_entry_necro_gods, ontoclasm_vaults_fault,
          vaults_room_pool, nicolae_vaults_circle_grid_a,
          vaults_room_grunt_arrival_ludios, grunt_tower_of_power,
          v_alt_pattern_2, vaults_mumra_hex, grunt_vaults_focal, v_misc_3,
          layout_vaults_omnibox, uniq_zenata, uniq_frederick

Skill      XL: |  1  2  3  4  5  6  7  8  9 10 11 12 13 14 15 16 17 18 19 20 |
---------------+-------------------------------------------------------------+-----
Invocations    | 1 2 3 4 5 6 7 8 9 10 11 12 13 14 15 | 15.2
Short Blades   | 1 2 4 5 6 7 8 9 10 11 12 13 14 | 14.0
Long Blades    | 1 2 4 5 6 7 8 9 10 11 12 13 14 | 14.0
Maces & Flails | 1 2 4 5 6 7 8 9 10 11 12 13 14 | 14.0
Polearms       | 1 2 4 5 6 7 8 9 10 11 12 13 14 | 14.0
Staves         | 1 2 4 5 6 7 8 9 10 11 12 13 14 | 14.0
Slings         | 1 2 4 5 6 7 8 9 10 11 12 13 14 | 14.0
Bows           | 1 2 4 5 6 7 8 9 10 11 12 13 14 | 14.0
Crossbows      | 1 2 4 5 6 7 8 9 10 11 12 13 14 | 14.0
Throwing       | 1 2 4 5 6 7 8 9 10 11 12 13 14 | 14.0
Dodging        | 1 2 4 5 6 7 8 9 10 11 12 13 14 | 14.0
Stealth        | 1 2 4 5 6 7 8 9 10 11 12 13 14 | 14.0
Unarmed Combat | 1 2 4 5 6 7 8 9 10 11 12 13 14 | 14.0
Spellcasting   | 1 2 4 5 6 7 8 9 10 11 12 13 14 | 14.0
Evocations     | 1 2 4 5 6 7 8 9 10 11 12 13 14 | 14.0
Conjurations   | 1 2 3 4 5 6 7 8 9 10 11 | 11.9
Hexes          | 1 2 3 4 5 6 7 8 9 10 11 | 11.9
Summonings     | 1 2 3 4 5 6 7 8 9 10 11 | 11.9
Necromancy     | 1 2 3 4 5 6 7 8 9 10 11 | 11.9
Translocations | 1 2 3 4 5 6 7 8 9 10 11 | 11.9
Transmutations | 1 2 3 4 5 6 7 8 9 10 11 | 11.9
Fire Magic     | 1 2 3 4 5 6 7 8 9 10 11 | 11.9
Ice Magic      | 1 2 3 4 5 6 7 8 9 10 11 | 11.9
Air Magic      | 1 2 3 4 5 6 7 8 9 10 11 | 11.9
Earth Magic    | 1 2 3 4 5 6 7 8 9 10 11 | 11.9
Poison Magic   | 1 2 3 4 5 6 7 8 9 10 11 | 11.9
Axes           | 5 6 7 8 9 10 11 12 13 14 | 14.7
Fighting       | 7 8 9 10 11 12 13 14 15 | 15.3
Armour         | 7 8 9 10 11 12 13 14 15 | 15.3
Shields        | 7 8 9 10 11 12 13 14 15 | 15.3

Action                   |  1- 3 |  4- 6 |  7- 9 | 10-12 | 13-15 | 16-18 | 19-21 || total
-------------------------+-------+-------+-------+-------+-------+-------+-------++-------
Melee: War axe           |    99 |   134 |   304 |   954 |   730 |   439 |    18 ||  2678
       Bite              |     6 |    11 |    40 |   147 |   213 |   187 |   171 ||   775
       Unarmed           |       |       |       |     2 |       |       |       ||     2
       Demon blade       |       |       |       |       |   126 |     3 |       ||   129
       Long sword        |       |       |       |       |   346 |   567 |   688 ||  1601
       Quick blade       |       |       |       |       |   101 |    74 |   160 ||   335
       Dagger            |       |       |       |       |    50 |       |       ||    50
Throw: Dart              |       |     4 |     7 |    86 |   146 |   162 |       ||   405
       Throwing net      |       |     1 |       |       |       |       |       ||     1
       Boomerang         |       |       |       |    60 |    25 |     2 |    85 ||   172
       Javelin           |       |       |       |     6 |    94 |   128 |    87 ||   315
 Cast: Stone Arrow       |       |       |       |       |    28 |    80 |    15 ||   123
       Mephitic Cloud    |       |       |       |       |    12 |    30 |    19 ||    61
       Fulminant Prism   |       |       |       |       |     6 |    16 |     7 ||    29
       Blink             |       |       |       |       |     2 |     3 |       ||     5
       Cause Fear        |       |       |       |       |     1 |    43 |     4 ||    48
       Freezing Cloud    |       |       |       |       |       |   122 |    22 ||   144
       Iskenderun's Myst |       |       |       |       |       |     3 |     5 ||     8
       Fireball          |       |       |       |       |       |    81 |    66 ||   147
       Flame Wave        |       |       |       |       |       |     1 |    12 ||    13
Invok: Heroism           |       |       |     3 |    29 |    27 |    15 |    10 ||    84
       Finesse           |       |       |       |       |     3 |       |     1 ||     4
       Duel              |       |       |       |       |       |     3 |     1 ||     4
Evoke: Wand              |       |       |       |     4 |    11 |    22 |       ||    37
       Condenser vane    |       |       |       |       |     2 |     2 |     3 ||     7
       Tin of tremorston |       |       |       |       |       |     2 |     4 ||     6
  Use: Scroll            |       |    12 |     2 |    15 |     5 |     6 |     6 ||    46
       Potion            |       |       |     3 |     2 |     8 |    15 |     6 ||    34
 Stab: Sleeping          |       |     2 |       |       |       |     1 |     1 ||     4
       Held in net/web   |       |     1 |       |       |       |       |       ||     1
       Invisible         |       |       |     1 |       |       |       |     2 ||     3
       Confused          |       |       |       |       |    15 |    23 |    33 ||    71
       Distracted        |       |       |       |       |       |     3 |     1 ||     4
Armor: Scale mail        |    31 |    63 |   111 |       |    77 |   560 |   258 ||  1100
       Chain mail        |       |       |    77 |   344 |       |       |       ||   421
       Plate armour      |       |       |       |   134 |   479 |       |    22 ||   635
Dodge: Dodged            |    47 |    38 |   131 |   314 |   307 |   433 |   282 ||  1552
Block: Buckler           |    41 |    21 |       |       |       |       |       ||    62
       Kite shield       |       |    38 |   238 |   513 |       |       |       ||   789
       Tower shield      |       |       |       |   343 |  1507 |  1559 |  1063 ||  4472
       Reflection        |       |       |       |       |     7 |    70 |    60 ||   137

Table legend: (Time is in decaauts)
 A = Elapsed time spent in this place.
 B = Non-inter-level travel time spent in this place.
 C = Inter-level travel time spent in this place.
 D = Time resting spent in this place.
 E = Time spent auto-exploring this place.
 F = Levels seen in this place.
 G = Mean time per level.
                   A        B        C        D        E       F      G
               +--------+--------+--------+--------+--------+-----+--------+
         Total |  67641 |  63889 |   3752 |   2248 |  49780 |  39 | 1734.4 |
       Dungeon |  21656 |  19857 |   1799 |    105 |  16100 |  15 | 1443.7 |
        Temple |    633 |    582 |     51 |      0 |    559 |   1 |  633.0 |
          Lair |  15929 |  14981 |    948 |   1373 |  10866 |   6 | 2654.8 |
        Shoals |   9470 |   9268 |    202 |    302 |   7188 |   4 | 2367.5 |
   Spider Nest |  11878 |  11563 |    315 |    355 |   9354 |   4 | 2969.5 |
  Orcish Mines |   2014 |   1895 |    119 |    106 |   1350 |   2 | 1007.0 |
        Vaults |   4817 |   4502 |    315 |      5 |   3572 |   2 | 2408.5 |
      Ice Cave |   1173 |   1173 |      0 |      0 |    788 |   1 | 1173.0 |
         Arena |     69 |     69 |      0 |      0 |      0 |   4 |   17.2 |
               +--------+--------+--------+--------+--------+-----+--------+

Top non-repeatable levels by time:
Spider:3: 5368 daAuts
Shoals:4: 3566 daAuts
Vaults:1: 3492 daAuts
  Lair:6: 3186 daAuts
  Lair:2: 3092 daAuts
  Lair:5: 2777 daAuts
Shoals:1: 2560 daAuts
Spider:1: 2509 daAuts
Spider:4: 2472 daAuts
  Lair:1: 2437 daAuts
  Lair:4: 2264 daAuts
     D:7: 2240 daAuts
  Lair:3: 2170 daAuts
    D:10: 2092 daAuts
Shoals:3: 1894 daAuts
